 Dungeon Crawl Stone Soup version 0.30-a0-859-gf88a04b62d (webtiles) character file.

Game seed: 5749394436735862973

107 retardedninja the Shield-Bearer (level 4, -2/61 HPs)
             Began as a Gnoll Fighter on Mar 6, 2023.
             Succumbed to an orc wizard's poison
             ... on level 2 of the Dungeon.
             The game lasted 00:02:13 (2368 turns).

retardedninja the Shield-Bearer (Gnoll Fighter)     Turns: 2368, Time: 00:02:13

Health: -2/61      AC:  9    Str: 17    XL:     4   Next: 85%
Magic:  5/5        EV:  9    Int:  8    God:
Gold:   120        SH:  0    Dex: 11    Spells: 5/5 levels left

rFire   + . .      SeeInvis .    a - +0 flail
rCold   + . .      Faith    .    c - +0 buckler
rNeg    . . .      Spirit   .    b - +0 scale mail
rPois   +          Reflect  .    (no helmet)
rElec   +          Rampage  .    l - +0 cloak
rCorr   +                        (no gloves)
Will    .....                    (no boots) Stlth
                                 (no amulet)
HPRegen 0.30/turn                (no ring)
MPRegen 0.09/turn                (no ring)

@: confused, berserking, lethally poisoned (-2 -> -25), resistant, hasted, very
quick
A: fangs 1, strong nose, distributed training
a: no special abilities


You were on level 2 of the Dungeon.
You visited 1 branch of the dungeon, and saw 3 of its levels.

You collected 120 gold pieces.

Inventory:

Hand Weapons
 a - a +0 flail (weapon)
Armour
 b - a +0 scale mail (worn)
 c - a +0 buckler (worn)
 l - a +0 cloak (worn)
Scrolls
 d - a scroll of poison {unknown}
 e - 3 scrolls of identify {unknown}
 f - 2 scrolls of teleportation {unknown}
 h - a scroll of blinking {unknown}
 i - 2 scrolls of butterflies {unknown}
 j - a scroll of fear {unknown}
 m - a scroll of amnesia {unknown}
 n - a scroll of torment {unknown}
 p - a scroll of enchant weapon {unknown}
Potions
 g - 2 potions of haste
 o - a potion of resistance


   Skills:
 + Level 6.6 Fighting
 + Level 1.3 Short Blades
 + Level 1.3 Long Blades
 + Level 1.3 Axes
 + Level 4.7 Maces & Flails
 + Level 1.3 Polearms
 + Level 1.3 Staves
 + Level 1.3 Ranged Weapons
 + Level 1.3 Throwing
 + Level 6.6 Armour
 + Level 1.3 Dodging
 + Level 1.3 Stealth
 + Level 6.6 Shields
 + Level 1.3 Unarmed Combat
 + Level 1.3 Spellcasting
 + Level 1.0 Conjurations
 + Level 1.0 Hexes
 + Level 1.0 Summonings
 + Level 1.0 Necromancy
 + Level 1.0 Translocations
 + Level 1.0 Transmutations
 + Level 1.0 Fire Magic
 + Level 1.0 Ice Magic
 + Level 1.0 Air Magic
 + Level 1.0 Earth Magic
 + Level 1.0 Poison Magic
 + Level 1.4 Invocations
 + Level 1.3 Evocations


You had 5 spell levels left.
You didn't know any spells.
Your spell library was empty.

Dungeon Overview and Level Annotations

Branches:
Dungeon (3/15)

Altars:


Innate Abilities, Weirdness & Mutations

You have very sharp teeth.
Your uncanny sense of smell can sniff out nearby items.
Your experience applies equally to all skills.


Message History

You hear some strange, mumbled words.
Something tries to affect you, but you resist.
You bump into the rock wall.
The orc barely misses you.
You hear some strange, mumbled words.
A magic dart appears from out of thin air!
The magic dart hits you. The orc hits you with a +0 club.
Something hits you but does no damage.
There is a stone staircase leading down here.
You bump into the rock wall.
The orc closely misses you.
You hear some strange, mumbled words.
A magic dart appears from out of thin air!
The magic dart hits you.
* * * LOW HITPOINT WARNING * * *
The orc barely misses you.
You hear some strange, mumbled words.
You are more confused.
You see here a +0 club.
You barely miss something. Your bite misses something.
The orc barely misses you. Something hits you but does no damage.
You are poisoned.
* * * LOW HITPOINT WARNING * * *
You feel very sick. The orc hits you but does no damage. Something hits you.
* * * LOW HITPOINT WARNING * * *
You are more poisoned.
There is a stone staircase leading down here.
It was a potion of haste.
You feel yourself speed up.
* * * LOW HITPOINT WARNING * * *
You feel very sick. The orc barely misses you.
Something hits you but does no damage.
It was a potion of resistance.
You feel protected.
* * * LOW HITPOINT WARNING * * *
You feel sick. The orc hits you but does no damage.
Something hits you but does no damage.
You are more poisoned.
It was a potion of berserk rage.
A red film seems to cover your vision as you go berserk!
You feel yourself moving faster!
You feel mighty!
You die...

####.# #.##.)....#
#.# #.# #.######..#
#.# #.# #.# #..#
#.# # #.#
#.######..######.#
####.#
#................#
##...#
########..########
##)### #..# ##.#
#..# #####
##.###### #)@#
#.... ......>.#
#{o# #....
##.####.# #..#
#...# #.# #.###
##..# ##.## #.#
#...#
#...#############.#
##.# ###.#
#.#...............#
...# #.#
#.###############.#
#### #.# #.# #.#
#########.# ##.##
#.##


You could see an orc.

Vanquished Creatures
  An orc priest (D:2)
  A hound (D:2)
  4 endoplasms (D:2)
  A giant cockroach (D:1)
  4 goblins
  10 hobgoblins
  2 jackals (D:2)
  4 quokkas
  3 ball pythons
  4 frilled lizards
  3 kobolds
  5 rats (D:1)
42 creatures vanquished.

Notes
Turn   | Place    | Note
-------+----------+-------------------------------------------
     0 | D:1      | retardedninja the Gnoll Fighter began the quest for the
                  | Orb.
     0 | D:1      | Reached XP level 1. HP: 23/23 MP: 1/1
    47 | D:1      | Reached XP level 2. HP: 5/29 MP: 2/2
   585 | D:1      | Reached XP level 3. HP: 35/35 MP: 3/3
  1397 | D:2      | Reached skill level 1 in Short Blades
  1397 | D:2      | Reached skill level 1 in Long Blades
  1397 | D:2      | Reached skill level 1 in Axes
  1397 | D:2      | Reached skill level 1 in Polearms
  1397 | D:2      | Reached skill level 1 in Staves
  1397 | D:2      | Reached skill level 1 in Ranged Weapons
  1397 | D:2      | Reached skill level 1 in Throwing
  1397 | D:2      | Reached skill level 1 in Dodging
  1397 | D:2      | Reached skill level 1 in Stealth
  1397 | D:2      | Reached skill level 1 in Unarmed Combat
  1397 | D:2      | Reached skill level 1 in Spellcasting
  1397 | D:2      | Reached skill level 1 in Invocations
  1397 | D:2      | Reached skill level 1 in Evocations
  1397 | D:2      | Reached XP level 4. HP: 33/41 MP: 5/5
  2358 | D:2      | Reached skill level 1 in Conjurations
  2358 | D:2      | Reached skill level 1 in Hexes
  2358 | D:2      | Reached skill level 1 in Summonings
  2358 | D:2      | Reached skill level 1 in Necromancy
  2358 | D:2      | Reached skill level 1 in Translocations
  2358 | D:2      | Reached skill level 1 in Transmutations
  2358 | D:2      | Reached skill level 1 in Fire Magic
  2358 | D:2      | Reached skill level 1 in Ice Magic
  2358 | D:2      | Reached skill level 1 in Air Magic
  2358 | D:2      | Reached skill level 1 in Earth Magic
  2358 | D:2      | Reached skill level 1 in Poison Magic
  2367 | D:2      | HP: 1/41 [poisoned by an orc wizard]
  2368 | D:2      | Succumbed to an orc wizard's poison

Illustrated notes

Levels and vault maps discovered:
D:1:      scummos_arrival_simple_fountains, layout_basic, serial_rivers,
          chequers_serial_rivers_large_a, chequers_serial_rivers_small_b,
          chequers_serial_rivers_micro_a, chequers_serial_rivers_small_3,
          chequers_serial_rivers_large_b, chequers_serial_rivers_micro_c,
          kennysheep_nondescript, minmay_surrounded
D:2:      layout_loops_ring, small_statue_intersection
D:3:      layout_rooms, mainiacjoe_overflow_surrounded_room,
          mainiacjoe_overflow_alcove_4, ebering_ecumenical_altar_rust,
          uniq_terence

Skill      XL: |  1  2  3  4 |
---------------+-------------+-----
Short Blades   | 1 |  1.3
Long Blades    | 1 |  1.3
Axes           | 1 |  1.3
Polearms       | 1 |  1.3
Staves         | 1 |  1.3
Ranged Weapons | 1 |  1.3
Throwing       | 1 |  1.3
Dodging        | 1 |  1.3
Stealth        | 1 |  1.3
Unarmed Combat | 1 |  1.3
Spellcasting   | 1 |  1.3
Invocations    | 1 |  1.4
Evocations     | 1 |  1.3
Conjurations   | 1 |  1.0
Hexes          | 1 |  1.0
Summonings     | 1 |  1.0
Necromancy     | 1 |  1.0
Translocations | 1 |  1.0
Transmutations | 1 |  1.0
Fire Magic     | 1 |  1.0
Ice Magic      | 1 |  1.0
Air Magic      | 1 |  1.0
Earth Magic    | 1 |  1.0
Poison Magic   | 1 |  1.0
Fighting       | |  6.6
Maces & Flails | |  4.7
Armour         | |  6.6
Shields        | |  6.6

Action                     |  1- 3 |  4- 6 || total
---------------------------+-------+-------++-------
  Melee: Flail             |    87 |    38 ||   125
         Bite              |     5 |     1 ||     6
    Use: Potion            |     1 |     3 ||     4
 Armour: Scale mail        |    46 |    24 ||    70
  Dodge: Dodged            |    38 |    26 ||    64
  Block: Buckler           |    27 |     5 ||    32

Table legend: (Time is in decaauts)
 A = Elapsed time spent in this place.
 B = Non-inter-level travel time spent in this place.
 C = Inter-level travel time spent in this place.
 D = Time resting spent in this place.
 E = Time spent auto-exploring this place.
 F = Levels seen in this place.
 G = Mean time per level.
                   A        B        C        D        E       F      G
               +--------+--------+--------+--------+--------+-----+--------+
         Total |   2445 |   2316 |    129 |    206 |   1805 |   3 |  815.0 |
       Dungeon |   2445 |   2316 |    129 |    206 |   1805 |   3 |  815.0 |
               +--------+--------+--------+--------+--------+-----+--------+

Top non-repeatable levels by time:
     D:1: 1384 daAuts
     D:2: 1052 daAuts
     D:3: 8 daAuts
